 Dungeon Crawl Stone Soup version 0.29-a0-338-g1ff7896281 (webtiles) character file.

Game seed: 10438889757990257755

427 spaghetti the Sneak (level 6, -6/44 HPs)
             Began as an Octopode Cinder Acolyte on Apr 18, 2022.
             Was a Believer of Ignis.
             Mangled by a gnoll
             ... wielding a +2 flail of protection
              (15 damage)
             ... on level 4 of the Dungeon.
             The game lasted 00:07:49 (4459 turns).

spaghetti the Sneak (Octopode Cinder Acolyte)       Turns: 4459, Time: 00:07:49

Health: -6/44      AC:  1    Str: 14    XL:     6   Next: 97%
Magic:  16/16      EV: 13    Int: 16    God:    Ignis [**....]
Gold:   137        SH:  0    Dex:  9    Spells: 6/7 levels left

rFire   + . .      SeeInvis +   d - +1 trident (venom) {polearm}
rCold   . . .      Faith    .   (no shield)
rNeg    . . .      Spirit   .   (helmet restricted)
rPois   .          Reflect  .   f - amulet of regeneration {@e2}
rElec   .          Harm     .   h - ring of magical power
rCorr   .          Rampage  .   m - ring of see invisible
Will    .....                   (no ring)
Stlth   ++++......              (no ring)
HPRegen 0.94/turn               (no ring)
MPRegen 0.15/turn               (no ring)
                                (no ring)
                                (no ring)

@: no status effects
A: almost no armour, amphibious, 8 rings, camouflage 1, gelatinous body 1,
(nimble swimmer 1), tentacles
a: Renounce Religion, Fiery Armour, Foxfire Swarm, Rising Flame


You were on level 4 of the Dungeon.
You worshipped Ignis.
Ignis was pleased with you.
You visited 1 branch of the dungeon, and saw 4 of its levels.

You collected 137 gold pieces.


Innate Abilities, Weirdness & Mutations

You cannot wear most types of armour.
You are amphibious.
You can wear up to eight rings at the same time.
Your skin changes colour to match your surroundings (Stealth+).
Your rubbery body absorbs attacks. (AC +1, EV +1)
((You are camouflaged when in or above water. (Stealth+)))
You have tentacles for arms and can constrict up to eight enemies at once.


   Skills:
 + Level 4.5 Fighting
 - Level 3.0 Short Blades
 + Level 3.2 Dodging
 * Level 6.9 Stealth
 - Level 1.0 Spellcasting
 - Level 3.0 Fire Magic


You had 6 spell levels left.
You knew the following spells:

 Your Spells              Type           Power      Damage    Failure   Level
a - Magic Dart            Conj           0%         1d3       22%         1

Your spell library contained the following spells:

 Spells                   Type           Power      Damage    Failure   Level
 Scorch                   Fire           20%        2d6       10%         2
 Foxfire                  Conj/Fire      20%        2x1d5     12%         1
 Slow                     Hex            0%         N/A       22%         1
 Call Imp                 Summ           0%         N/A       34%         2
 Conjure Flame            Conj/Fire      5%         6-21      36%         3
 Inner Flame              Hex/Fire       5%         N/A       36%         3
 Confusing Touch          Hex            0%         N/A       56%         3
 Mephitic Cloud           Conj/Pois/Air  0%         N/A       56%         3
 Vampiric Draining        Necr           0%         2d6       56%         3
 Flame Wave               Conj/Fire      5%         2d5       77%         4

Inventory:

Hand Weapons
 a - a -1 short sword of flaming {short}
 d - a +1 trident of venom (weapon) {polearm}
   (You took it off Robin on level 4 of the Dungeon)
 o - a +0 short sword {short}
   (You took it off a kobold on level 3 of the Dungeon)
 t - a +0 short sword {short}
   (You took it off an orc on level 4 of the Dungeon)
 x - a +0 short sword {short}
   (You took it off a kobold on level 4 of the Dungeon)
Missiles
 c - 93 stones {throwing}
 p - 5 poisoned darts {throwing}
 u - 3 boomerangs {throwing}
Magical Staves
 v - a staff of death {!astaff}
   (You took it off an orc wizard on level 4 of the Dungeon)
Jewellery
 f - an amulet of regeneration (around mantle) {@e2}
   (You found it on level 1 of the Dungeon)
 h - a ring of magical power (left tentacle)
   (You found it on level 1 of the Dungeon)
 m - a ring of see invisible (right tentacle)
   (You found it on level 2 of the Dungeon)
Wands
 s - a wand of mindburst (16)
   (You found it on level 3 of the Dungeon)
Scrolls
 b - a scroll of magic mapping {unknown}
 j - 4 scrolls of identify {unknown}
 l - 2 scrolls of immolation {unknown}
 q - a scroll of silence {unknown}
 w - a scroll of fear {unknown}
 y - a scroll of amnesia {unknown}
Potions
 e - a potion of degeneration {!q@e2}
 k - a potion of attraction {unknown}
 n - a potion of flight {unknown}
 r - a potion of haste {unknown}

Dungeon Overview and Level Annotations

Branches:
Dungeon (4/15)
 Temple: D:4-7

Altars:
Nemelex Xobeh

### ######### #..
......... #.# #........
#.# #g....... #.#
##@.......
##########.####)........
)...gโ€
..##.g[.)รท#.......
#######.....###.........
########.####.........
#...................#.
...######.####...#.##.#
#....##.##.# .. .
####.##)# #


You could see a gnoll (very poisoned).


Message History

Your tentacle-slap misses the ball python.
You squeeze the ball python. The ball python misses you.
The ball python constricts you.
You barely miss the ball python. You grab the ball python.
You squeeze the ball python.
You kill the ball python! ๐Ÿ˜• HP[+1]
You hit the orc. Your grab misses the orc.
The orc hits you with a +1 hand axe of freezing.
The orc freezes you. The gnoll hits you with a +0 flail!
The orc closely misses you.
The gnoll hits you with a +0 flail. ๐Ÿ˜ฎ HP[-13]
You take 13 damage, and now have 30/44 hp.
MASSIVE DAMAGE!! (PAUSE)
You barely miss the orc. You grab the orc. You squeeze the orc.
You constrict the orc.
You kill the orc!
The gnoll closely misses you. ๐Ÿ˜ฎ HP[+1]
The gnoll attacks as you move away! The gnoll barely misses you.
Things that are here:
a +1 hand axe of freezing {axe}; an orc corpse ๐Ÿ˜ฎ HP[+1] ๐Ÿ˜ฎ HP[+1]
There is a stone staircase leading up here. ๐Ÿ˜• HP[+1]
The gnoll barely misses you.
You climb upwards.
There is a stone staircase leading down here. ๐Ÿ˜• HP[+3]
You regained 3 hp, and now have 37/44 hp.
You are too injured to fight recklessly!
You closely miss the gnoll. You grab the gnoll. You squeeze the gnoll.
You constrict the gnoll, but do no damage.
The gnoll hits you with a +0 flail! ๐Ÿ˜ฎ HP[-8]
You take 8 damage, and now have 29/44 hp.
You hit the gnoll.
The gnoll is poisoned.
You constrict the gnoll.
You kill the gnoll! ๐Ÿ˜ฎ HP[+1]
You start resting.
You feel a little less clever now. ๐Ÿ˜Ž HP[+14]
Your hp is fully restored (44).
You climb downwards.
The gnoll hits you with a +2 flail of protection.
There is a stone staircase leading up here. ๐Ÿ˜• HP[-4]
You take 4 damage, and now have 40/44 hp.
You are too injured to fight recklessly!
You are too injured to fight recklessly!
You are too injured to fight recklessly!
You are too injured to fight recklessly!
You are too injured to fight recklessly!
You are too injured to fight recklessly!
You are too injured to fight recklessly!
You are too injured to fight recklessly!
You are too injured to fight recklessly!
You are too injured to fight recklessly!
You are too injured to fight recklessly!
You are too injured to fight recklessly!
You are too injured to fight recklessly!
You are too injured to fight recklessly!
You are too injured to fight recklessly!
You are too injured to fight recklessly!
You are too injured to fight recklessly!
You hit the gnoll.
The gnoll is poisoned.
Your grab misses the gnoll.
You squeeze the gnoll, but do no damage.
The gnoll misses you. The gnoll barely misses you. The gnoll misses you.
The gnoll hits you with a +2 flail of protection! ๐Ÿ˜• HP[-5]
You take 5 damage, and now have 35/44 hp.
You hit the gnoll.
The gnoll is poisoned.
You grab the gnoll. You constrict the gnoll. The gnoll barely misses you.
The gnoll hits you with a +2 flail of protection! ๐Ÿ˜ฎ HP[-11]
You take 11 damage, and now have 24/44 hp.
MASSIVE DAMAGE!! (PAUSE)
You hit the gnoll but do no damage.
The gnoll looks even sicker.
Your grab misses the gnoll. Your squeeze misses the gnoll.
You constrict the gnoll. The gnoll misses you.
The gnoll closely misses you. ๐Ÿ˜ฎ HP[+1]
You hit the gnoll but do no damage. Your grab misses the gnoll.
You constrict the gnoll.
You kill the gnoll!
The gnoll hits you with a +2 flail of protection!
* * * LOW HITPOINT WARNING * * *
The gnoll barely misses you. ๐Ÿ˜จ HP[-10]
You take 10 damage, and now have 15/44 hp.
MASSIVE DAMAGE!! (PAUSE)
You barely miss the gnoll. Your grab misses the gnoll.
The gnoll hits you with a +2 flail of protection!
* * * LOW HITPOINT WARNING * * *
๐Ÿ˜ฑ HP[-7]
You take 7 damage, and now have 8/44 hp.
You closely miss the gnoll. Your grab misses the gnoll.
You squeeze the gnoll, but do no damage.
The gnoll hits you with a +2 flail of protection!
You die...

Skill      XL: |  1  2  3  4  5  6 |
---------------+-------------------+-----
Stealth        | 1 2 3 4 6 |  6.9
Dodging        | 1 2 3 |  3.2
Fighting       | 4 |  4.5
Short Blades   | |  3.0
Spellcasting   | |  1.0
Fire Magic     | |  3.0

Action                   |  1- 3 |  4- 6 || total
-------------------------+-------+-------++-------
Melee: Short sword       |    24 |   117 ||   141
       Constrict         |     8 |    38 ||    46
       Tentacles         |     3 |    29 ||    32
       Trident           |       |    12 ||    12
       Punch             |       |     1 ||     1
Throw: Dart              |       |     2 ||     2
 Cast: Magic Dart        |    35 |   154 ||   189
Invok: Foxfire Swarm     |     2 |     3 ||     5
Evoke: Wand              |       |     2 ||     2
  Use: Potion            |       |     6 ||     6
 Stab: Sleeping          |       |     1 ||     1
Armor: Skin              |     3 |     6 ||     9
Dodge: Dodged            |    15 |    69 ||    84

Levels and vault maps discovered:
D:1:      dpeg_arrival_subterranean_lakeside_camping, layout_basic,
          dilly_ecumenical_altar_fadedgnrine, minmay_misc_feat_alley
D:2:      layout_loops_cross, nrook_uturn
D:3:      layout_rooms, old_standard_altar, chequers_serial_rivers_marsh,
          kennysheep_nub, mrwooster_statue_mirror,
          nicolae_concentric_dashed_squares_wild, st_stairs_10,
          nrook_mini_vaults
D:4:      layout_loops_ring, uniq_duvessa, uniq_robin

Notes
Turn   | Place    | Note
-------+----------+-------------------------------------------
     0 | D:1      | spaghetti the Octopode Cinder Acolyte began the quest for
                  | the Orb.
     0 | D:1      | Reached XP level 1. HP: 16/16 MP: 2/2
     0 | D:1      | magus.rc [v1.9.6]
    12 | D:1      | You pick up a book of Minor Magic and begin reading...
    12 | D:1      | You add the spells Magic Dart, Call Imp and Mephitic Cloud
                  | to your library.
   142 | D:1      | Learned a level 1 spell: Magic Dart
   292 | D:1      | Reached skill level 1 in Stealth
   586 | D:1      | Found a faded altar of an unknown god.
   981 | D:1      | Reached XP level 2. HP: 21/21 MP: 3/3
  1347 | D:2      | Reached skill level 2 in Stealth
  1860 | D:2      | Reached skill level 1 in Dodging
  1860 | D:2      | Reached XP level 3. HP: 20/26 MP: 4/4
  1862 | D:2      | Reached skill level 3 in Stealth
  1887 | D:2      | Reached XP level 4. HP: 20/31 MP: 5/5
  2083 | D:2      | Reached skill level 4 in Stealth
  2814 | D:3      | You pick up a book of Debilitation and begin reading...
  2814 | D:3      | You add the spells Slow, Vampiric Draining and Confusing
                  | Touch to your library.
  2903 | D:3      | Reached skill level 2 in Dodging
  2903 | D:3      | Reached XP level 5. HP: 29/37 MP: 3/6
  2990 | D:3      | Reached skill level 5 in Stealth
  3174 | D:3      | Reached skill level 4 in Fighting
  3630 | D:3      | Found a sparkling altar of Nemelex Xobeh.
  3743 | D:4      | You pick up a book of Flames and begin reading...
  3743 | D:4      | You add the spells Foxfire, Conjure Flame, Inner Flame and
                  | Flame Wave to your library.
  3807 | D:4      | Noticed a black bear
  3818 | D:4      | Killed a black bear
  3819 | D:4      | Reached skill level 6 in Stealth
  3819 | D:4      | Reached XP level 6. HP: 19/43 MP: 6/7
  4171 | D:4      | Reached skill level 3 in Dodging
  4379 | D:4      | Noticed Robin
  4390 | D:4      | Killed Robin
  4458 | D:4      | HP: 8/44 [gnoll/+2 flail of protection (9)]
  4459 | D:4      | Mangled by a gnoll

Vanquished Creatures
  A black bear (D:4)
  2 orc priests (D:3)
  2 orc wizards (D:4)
  Robin (D:4)
  6 gnolls
  4 adders
  An ufetubus (D:4)
  3 worms
  4 dart slugs
  13 orcs
  6 ball pythons
  8 endoplasms
  4 giant cockroaches
  9 hobgoblins
  5 kobolds
  A quokka (D:2)
  4 bats
  4 frilled lizards
  18 goblins
  5 rats
101 creatures vanquished.

Vanquished Creatures (others)
  56 foxfires
56 creatures vanquished.

Grand Total: 157 creatures vanquished

Table legend:
 A = Non-vault XP
 B = Vault XP
 C = Vault XP percentage of total XP
 D = Non-vault monster count
 E = Vault monster count
 F = Vault count percentage of total count
                 A         B        C        D         E       F
            +---------+---------+-------+---------+---------+-------
      Total |     565 |      46 |   7.5 |      80 |      21 |  20.8
            +---------+---------+-------+---------+---------+-------
        D:1 |       6 |       7 |  53.8 |       4 |       6 |  60.0
        D:2 |     120 |       2 |   1.6 |      25 |       1 |   3.8
        D:3 |     162 |       1 |   0.6 |      23 |       1 |   4.2
        D:4 |     277 |      36 |  11.5 |      28 |      13 |  31.7
            +---------+---------+-------+---------+---------+-------

Illustrated notes

Table legend:
 A = Kills in this place as a percentage of kills in entire the game.
 B = Kills by you in this place as a percentage of kills by you in the entire game.
 C = Kills by friends in this place as a percentage of kills by friends in the entire game.
 D = Other kills in this place as a percentage of other kills in the entire game.
 E = Experience gained in this place as a percentage of experience gained in the entire game.
 F = Experience gained in this place divided by the number of levels of this place that you have seen.
                   A       B       C       D       E      F
               +-------+-------+-------+-------+-------+----------------------
         Total | 100.0 | 100.0 |   N/A |   N/A | 100.0 | 152.8
       Dungeon | 100.0 | 100.0 |   N/A |   N/A | 100.0 | 152.8
               +-------+-------+-------+-------+-------+----------------------

Table legend: (Time is in decaauts)
 A = Elapsed time spent in this place.
 B = Non-inter-level travel time spent in this place.
 C = Inter-level travel time spent in this place.
 D = Time resting spent in this place.
 E = Time spent auto-exploring this place.
 F = Levels seen in this place.
 G = Mean time per level.
                   A        B        C        D        E       F      G
               +--------+--------+--------+--------+--------+-----+--------+
         Total |   4458 |   4293 |    165 |    220 |   3388 |   4 | 1114.5 |
       Dungeon |   4458 |   4293 |    165 |    220 |   3388 |   4 | 1114.5 |
               +--------+--------+--------+--------+--------+-----+--------+

Top non-repeatable levels by time:
     D:1: 1397 daAuts
     D:2: 1227 daAuts
     D:3: 1132 daAuts
     D:4: 700 daAuts
